 Dungeon Crawl Stone Soup version 0.28-a0-1143-gcf6077d4cc (webtiles) character file.

Game seed: 5388772373778213327

336 leviel the Skirmisher (level 6, -3/50 HPs)
             Began as a Hill Orc Fighter on Dec 13, 2021.
             Was an Initiate of Okawaru.
             Slain by an ogre (24 damage)
             ... on level 4 of the Dungeon.
             The game lasted 00:03:47 (2663 turns).

leviel the Skirmisher (Hill Orc Fighter)            Turns: 2663, Time: 00:03:48

Health: -3/50      AC:  8    Str: 21    XL:     6   Next: 54%
Magic:  6/6        EV:  9    Int:  8    God:    Okawaru [......]
Gold:   102        SH:  4    Dex: 10    Spells: 5/5 levels left

rFire   . . .      SeeInvis .   a - +0 war axe
rCold   . . .      Faith    .   c - +0 buckler
rNeg    . . .      Spirit   .   b - +0 scale mail
rPois   .          Reflect  .   f - +0 helmet
rElec   .          Harm     .   (no cloak)
rCorr   +          Rampage  .   (no gloves)
Will    .....                   (no boots)
Stlth   ..........              (no amulet)
HPRegen 0.16/turn               i - ring of resist corrosion
MPRegen 0.10/turn               (no ring)

@: no status effects
A: frail 1
a: Renounce Religion


You were on level 4 of the Dungeon.
You worshipped Okawaru.
Okawaru was noncommittal.
You visited 1 branch of the dungeon, and saw 4 of its levels.

You collected 154 gold pieces.
You spent 52 gold pieces at shops.

Inventory:

Hand Weapons
 a - a +0 war axe (weapon)
Missiles
 k - 12 poisoned darts (quivered)
Armour
 b - a +0 scale mail (worn)
 c - a +0 buckler (worn)
 f - a +0 helmet (worn)
Jewellery
 i - a ring of resist corrosion (left hand)
 n - a ring of ice {rC+ rF-}
Wands
 m - a wand of flame (14)
Scrolls
 e - 2 scrolls of blinking {unknown}
 g - 2 scrolls of fear {unknown}
 j - a scroll of magic mapping {unknown}
 l - a scroll of amnesia {unknown}
Potions
 d - a potion of brilliance
 h - a potion of cancellation {unknown}


   Skills:
 + Level 5.5 Fighting
 + Level 5.2 Axes
 + Level 5.1 Armour
 - Level 4.0 Shields


You had 5 spell levels left.
You didn't know any spells.
Your spell library was empty.

Dungeon Overview and Level Annotations

Branches:
Dungeon (4/15)
 Temple: D:4-7

Altars:
Nemelex Xobeh
Okawaru
Trog
Vehumet
Xom

Shops:
D:2 !


Innate Abilities, Weirdness & Mutations

You are frail. (-10% HP)


Message History

You slash Natasha!
Natasha is almost dead.
You block Natasha's attack.
You slash Natasha!
You kill Natasha!
Okawaru accepts your kill.
You feel Natasha's spirit has finally been put to rest.
m - a wand of flame (14)
k - 12 poisoned darts (gained 2)
An endoplasm comes into view.
The endoplasm quivers.
An endoplasm is nearby!
An endoplasm is nearby!
An endoplasm is nearby!
An ogre comes into view. It is wielding a +0 giant spiked club.
You see here a scroll labelled UDDAGO ZUEMOU.
The endoplasm hits you.
You barely miss the endoplasm. The endoplasm freezes you.
You are frozen.
You slash the ogre!
The ogre is moderately wounded.
You slash the endoplasm!
You kill the endoplasm!
Okawaru accepts your kill. The ogre closely misses you.
You hit the ogre but do no damage.
The ogre is moderately wounded.
You block the ogre's attack.
You hit the ogre.
The ogre is moderately wounded.
The ogre hits you with a +0 giant spiked club!!
Ouch! That really hurt!
You are too injured to fight recklessly!
You are too injured to fight recklessly!
You are too injured to fight recklessly!
You barely miss the ogre.
The ogre is moderately wounded.
The ogre hits you with a +0 giant spiked club!!
You die...

. ##.#..............
#................
#................
#.#.............. .
##.#..............
..##.................
#......?.............
.....................
.......@.......
.?......O......
....###........ ....
#........ ...
......... ..
......... .........
..........


You could see an ogre.

Vanquished Creatures
  Pargi (D:3)
  A scorpion (D:4)
  A jelly (D:2)
  Natasha (thrice) (D:4)
  An adder (D:3)
  A worm (D:2)
  A dart slug (D:4)
  7 orcs (D:3)
  10 ball pythons
  2 bats (D:1)
  5 endoplasms
  A giant cockroach (D:2)
  5 goblins
  2 hobgoblins
  2 jackals (D:1)
  7 quokkas
  A kobold (D:4)
  3 rats
54 creatures vanquished.

Vanquished Creatures (others)
  A plant (D:1)
1 creature vanquished.

Grand Total: 55 creatures vanquished

Notes
Turn   | Place    | Note
-------+----------+-------------------------------------------
     0 | D:1      | leviel the Hill Orc Fighter began the quest for the Orb.
     0 | D:1      | Reached XP level 1. HP: 19/19 MP: 1/1
    70 | D:1      | Reached XP level 2. HP: 23/27 MP: 2/2
   486 | D:2      | Found a sparkling altar of Nemelex Xobeh.
   490 | D:2      | Reached XP level 3. HP: 29/33 MP: 3/3
   630 | D:2      | Reached XP level 4. HP: 29/40 MP: 4/4
  1133 | D:2      | Found Zukun's Distillery.
  1141 | D:2      | Bought a potion of degeneration for 13 gold pieces
  1141 | D:2      | Bought a potion of curing for 39 gold pieces
  1141 | D:2      | Gained mutation: You are frail. (-10% HP) [potion of
                  | mutation]
  1608 | D:3      | Noticed Pargi
  1621 | D:3      | Killed Pargi
  1622 | D:3      | Reached XP level 5. HP: 28/42 MP: 5/5
  1662 | D:3      | Found an iron altar of Okawaru.
  1673 | D:3      | Became a worshipper of Warmaster Okawaru
  1768 | D:3      | Found a shimmering altar of Xom.
  1875 | D:3      | Found a bloodstained altar of Trog.
  1888 | D:3      | Reached skill level 5 in Fighting
  2178 | D:4      | Found a radiant altar of Vehumet.
  2213 | D:4      | Reached XP level 6. HP: 27/50 MP: 6/6
  2360 | D:4      | Noticed Natasha
  2367 | D:4      | Killed Natasha
  2368 | D:4      | Reached skill level 5 in Axes
  2394 | D:4      | Noticed Natasha
  2402 | D:4      | Killed Natasha
  2403 | D:4      | Reached skill level 5 in Armour
  2592 | D:4      | Noticed Natasha
  2600 | D:4      | Killed Natasha
  2663 | D:4      | Slain by an ogre

Illustrated notes

Levels and vault maps discovered:
D:1:      giann_bridges, layout_rooms, minmay_misc_feat_four_crosses,
          grunt_decor_mini_mirrors
D:2:      layout_basic, basic_altar, serial_shops, shop,
          chequers_serial_rivers_micro_b
D:3:      layout_basic, mainiacjoe_overflow_cross_hatched, trog_butcher_becter,
          mainiacjoe_overflow_concentric_impassable, uniq_pargi
D:4:      layout_layer_cave, nicolae_vehumet_radiance, uniq_natasha

Skill      XL: |  1  2  3  4  5  6 |
---------------+-------------------+-----
Axes           | 3 4 5 |  5.2
Fighting       | 4 5 |  5.5
Armour         | 4 5 |  5.1
Shields        | 4 |  4.0

Action                   |  1- 3 |  4- 6 || total
-------------------------+-------+-------++-------
Melee: War axe           |    45 |   108 ||   153
Throw: Dart              |       |     7 ||     7
  Use: Potion            |       |     6 ||     6
Armor: Scale mail        |    19 |    46 ||    65
Dodge: Dodged            |    34 |    42 ||    76
Block: Buckler           |    10 |    27 ||    37

Table legend: (Time is in decaauts)
 A = Elapsed time spent in this place.
 B = Non-inter-level travel time spent in this place.
 C = Inter-level travel time spent in this place.
 D = Time resting spent in this place.
 E = Time spent auto-exploring this place.
 F = Levels seen in this place.
 G = Mean time per level.
                   A        B        C        D        E       F      G
               +--------+--------+--------+--------+--------+-----+--------+
         Total |   2695 |   2582 |    113 |    207 |   1922 |   4 |  673.8 |
       Dungeon |   2695 |   2582 |    113 |    207 |   1922 |   4 |  673.8 |
               +--------+--------+--------+--------+--------+-----+--------+

Top non-repeatable levels by time:
     D:2: 866 daAuts
     D:3: 860 daAuts
     D:4: 544 daAuts
     D:1: 424 daAuts
